3R
BETHLEHEM ANGEL KITTIES @ SHADY SIDE ZOOMIES
09/02/2041
 
TOP OF THE 1ST
Bethlehem Angel Kitties batting - Pitching for Shady Side Zoomies : RHP António Haritos
Pitching: RHP António Haritos
Batting: LHB Norm Williams 0-0: Ball
1-0: Foul Ball, location: 2F
1-1: Ball
2-1: Ground out 5-3 (Groundball, 56, EV 100.0 MPH)
Batting: SHB Daniel Washington 0-0: Ball
1-0: Ball
2-0: Ball
3-0: Called Strike
3-1: Base on Balls
Batting: LHB Ernesto Valenzuela 0-0: Fielders Choice at 2nd, 4-6 (Groundball, 4, EV 81.2 MPH)
Batting: RHB Hwui-ning Chen 0-0: Ball
Ernesto Valenzuela steals 2nd base
1-0: Called Strike
1-1: Foul Ball, location: 2F
1-2: Ball
2-2: Foul Ball, location: 2F
2-2: Foul Ball, location: 2F
2-2: Foul Ball, location: 2F
2-2: Ball
3-2: Foul Ball, location: 2F
3-2: Foul Ball, location: 2F
3-2: Ground out 5-3 (Groundball, 56S, EV 66.2 MPH)
Top of the 1st over - 0 runs, 0 hits, 0 errors, 1 left on base; Bethlehem 0 - Shady Side 0
BOTTOM OF THE 1ST
Shady Side Zoomies batting - Pitching for Bethlehem Angel Kitties : RHP César Sandoval
Pitching: RHP César Sandoval
Batting: LHB Steef Janse 0-0: Fly out, F9 (Flyball, 9, EV 83.8 MPH)
Batting: SHB John Clay 0-0: Called Strike
0-1: Foul Ball, location: 2F
0-2: Ball
1-2: Foul Ball, location: 2F
1-2: Ball
2-2: Ball
3-2: Foul Ball, location: 2F
3-2: Strikes out swinging
Batting: RHB Ramón Gabriel 0-0: Ball
1-0: Foul Ball, location: 2F
1-1: Called Strike
1-2: Ball
2-2: Foul Ball, location: 2F
2-2: Ball
3-2: SINGLE (Line Drive, 4MD, EV 96.2 MPH)
Batting: RHB Rubén Camacho 0-0: Ball
1-0: Foul Ball, location: 2F
1-1: Ball
2-1: SINGLE (Flyball, 34D, EV 91.2 MPH)
Ramón Gabriel to second
Runner from 2nd tries for 3rd, SAFE, no throw by RF
Batting: RHB Dave Hall 0-0: Ball
Wild Pitch!
Ramón Gabriel scores
Rubén Camacho to second
1-0: Called Strike
1-1: Foul Ball, location: 2F
1-2: Foul Ball, location: 2F
1-2: Foul Ball, location: 2F
1-2: Fly out, F8 (Flyball, 89M, EV 86.2 MPH)
Bottom of the 1st over - 1 run, 2 hits, 0 errors, 1 left on base; Bethlehem 0 - Shady Side 1
TOP OF THE 2ND
Bethlehem Angel Kitties batting - Pitching for Shady Side Zoomies : RHP António Haritos
Batting: SHB Toshiaki Watanabe 0-0: Ball
1-0: Ball
2-0: Ball
3-0: Called Strike
3-1: Base on Balls
Batting: LHB Cam Nicholson 0-0: Called Strike
0-1: Ball
1-1: Swinging Strike
1-2: Ball
2-2: Strikes out swinging
Batting: SHB Frunze Khcheyan 0-0: Called Strike
0-1: Ball
1-1: Ball
2-1: Foul Ball, location: 2F
2-2: Foul Ball, location: 2F
2-2: Foul Ball, location: 2F
2-2: Strikes out swinging
Batting: RHB Christian L'Écuyer 0-0: Called Strike
0-1: Ball
1-1: Foul Ball, location: 2F
1-2: Foul Ball, location: 2F
1-2: Strikes out swinging
Top of the 2nd over - 0 runs, 0 hits, 0 errors, 1 left on base; Bethlehem 0 - Shady Side 1
BOTTOM OF THE 2ND
Shady Side Zoomies batting - Pitching for Bethlehem Angel Kitties : RHP César Sandoval
Batting: LHB Jeremy Payne 0-0: Ball
1-0: Ball
2-0: Ball
3-0: Called Strike
3-1: SINGLE (Groundball, 34D, EV 95.6 MPH)
Batting: SHB Kazuyuki Yagi 0-0: Foul Ball, location: 2F
0-1: Swinging Strike
0-2: Strikes out looking
Jeremy Payne steals 2nd base
Batter strikes out.
Batting: RHB António Ruíz 0-0: Ground out 6-3 (Groundball, 6, EV 95.0 MPH)
Jeremy Payne to third
Batting: RHB Mike Sackett 0-0: SINGLE (Groundball, 5S, EV 76.2 MPH) (infield hit)
Jeremy Payne scores
Batting: LHB Steef Janse 0-0: Called Strike
0-1: Fly out, F9 (Flyball, 9LM, EV 98.8 MPH)
Bottom of the 2nd over - 1 run, 2 hits, 0 errors, 1 left on base; Bethlehem 0 - Shady Side 2
TOP OF THE 3RD
Bethlehem Angel Kitties batting - Pitching for Shady Side Zoomies : RHP António Haritos
Batting: RHB Wyatt Shepherd 0-0: Ground out 5-3 (Groundball, 56S, EV 85.6 MPH)
Batting: LHB Norm Williams 0-0: Called Strike
0-1: Ball
1-1: Called Strike
1-2: Ground out 4-3 (Groundball, 4, EV 100.0 MPH)
Batting: SHB Daniel Washington 0-0: Called Strike
0-1: Ball
1-1: Called Strike
1-2: Ball
2-2: Strikes out swinging
Top of the 3rd over - 0 runs, 0 hits, 0 errors, 0 left on base; Bethlehem 0 - Shady Side 2
BOTTOM OF THE 3RD
Shady Side Zoomies batting - Pitching for Bethlehem Angel Kitties : RHP César Sandoval
Batting: SHB John Clay 0-0: Foul Ball, location: 2F
0-1: Ball
1-1: Ball
2-1: Called Strike
2-2: SINGLE (Line Drive, 7LS, EV 85.0 MPH)
Batting: RHB Ramón Gabriel 0-0: Ball
1-0: Ball
2-0: Fielders Choice at 2nd, 6-4 (Groundball, 6, EV 110.0 MPH)
Batting: RHB Rubén Camacho 0-0: Called Strike
Ramón Gabriel steals 2nd base
0-1: Swinging Strike
0-2: Ball
1-2: Fly out, F7 (Line Drive, 7, EV 91.2 MPH)
Batting: RHB Dave Hall 0-0: Foul Ball, location: 2F
0-1: Foul Ball, location: 2F
0-2: Ball
1-2: Ball
2-2: Fly out, F7 (Line Drive, 7, EV 90.6 MPH)
Bottom of the 3rd over - 0 runs, 1 hit, 0 errors, 1 left on base; Bethlehem 0 - Shady Side 2
TOP OF THE 4TH
Bethlehem Angel Kitties batting - Pitching for Shady Side Zoomies : RHP António Haritos
Batting: LHB Ernesto Valenzuela 0-0: Ball
1-0: Called Strike
1-1: Swinging Strike
1-2: Strikes out looking
Batting: RHB Hwui-ning Chen 0-0: Ball
1-0: Ball
2-0: Fly out, F7 (Flyball, 7S, EV 92.5 MPH)
Batting: SHB Toshiaki Watanabe 0-0: Called Strike
0-1: Ground out 4-3 (Groundball, 4, EV 82.5 MPH)
Top of the 4th over - 0 runs, 0 hits, 0 errors, 0 left on base; Bethlehem 0 - Shady Side 2
BOTTOM OF THE 4TH
Shady Side Zoomies batting - Pitching for Bethlehem Angel Kitties : RHP César Sandoval
Batting: LHB Jeremy Payne 0-0: Foul Ball, location: 2F
0-1: Ball
1-1: Ball
2-1: Ground out 4-3 (Groundball, 4, EV 88.8 MPH)
Batting: SHB Kazuyuki Yagi 0-0: Called Strike
0-1: Ball
1-1: Fly out, F8 (Flyball, 8RM, EV 91.2 MPH)
Batting: RHB António Ruíz 0-0: Called Strike
0-1: Ball
1-1: Ball
2-1: Foul Ball, location: 2F
2-2: Ball
3-2: Base on Balls
Batting: RHB Mike Sackett 0-0: Ball
1-0: Ball
2-0: Called Strike
2-1: Ball
3-1: Foul Ball, location: 2F
3-2: DOUBLE (Line Drive, 9LS, EV 107.5 MPH)
António Ruíz to third
António Ruíz scores
Batting: LHB Steef Janse 0-0: Fly out, F8 (Line Drive, 8LD, EV 101.2 MPH)
Bottom of the 4th over - 1 run, 1 hit, 0 errors, 1 left on base; Bethlehem 0 - Shady Side 3
TOP OF THE 5TH
Bethlehem Angel Kitties batting - Pitching for Shady Side Zoomies : RHP António Haritos
Batting: LHB Cam Nicholson 0-0: SINGLE (Line Drive, 78S, EV 95.0 MPH)
Batting: SHB Frunze Khcheyan 0-0: Ball
1-0: Grounds into double play, 6-4-3 (Groundball, 6, EV 88.8 MPH)
Batting: RHB Christian L'Écuyer 0-0: Foul Ball, location: 2F
0-1: Fly out, F4 (Popup, 4S, EV 86.2 MPH)
Top of the 5th over - 0 runs, 1 hit, 0 errors, 0 left on base; Bethlehem 0 - Shady Side 3
BOTTOM OF THE 5TH
Shady Side Zoomies batting - Pitching for Bethlehem Angel Kitties : RHP César Sandoval
Batting: SHB John Clay 0-0: Called Strike
0-1: Ball
1-1: Foul Ball, location: 2F
1-2: Foul Ball, location: 2F
1-2: Ball
2-2: Ball
3-2: Strikes out swinging
Batting: RHB Ramón Gabriel 0-0: Ball
1-0: Swinging Strike
1-1: Ball
2-1: Foul Ball, location: 2F
2-2: Ground out 4-3 (Groundball, 4, EV 87.5 MPH)
Pitching: RHP António González
Batting: RHB Rubén Camacho 0-0: Ball
1-0: Foul Ball, location: 2F
1-1: Foul Ball, location: 2F
1-2: Strikes out swinging
Bottom of the 5th over - 0 runs, 0 hits, 0 errors, 0 left on base; Bethlehem 0 - Shady Side 3
TOP OF THE 6TH
Bethlehem Angel Kitties batting - Pitching for Shady Side Zoomies : RHP António Haritos
Batting: RHB Wyatt Shepherd 0-0: Called Strike
0-1: Foul Ball, location: 2F
0-2: Ball
1-2: SINGLE (Groundball, 34D, EV 96.9 MPH)
Batting: LHB Norm Williams 0-0: Sac Bunt to 13 - play at second, runner safe!
Batting: SHB Daniel Washington 0-0: Fielders Choice at 2nd, 6-4 (Groundball, 56, EV 88.1 MPH)
Wyatt Shepherd to third
Batting: LHB Ernesto Valenzuela 0-0: Ball
1-0: Ball
2-0: SINGLE (Groundball, 4MS, EV 70.0 MPH) (infield hit)
Wyatt Shepherd scores
Daniel Washington to second
Batting: RHB Hwui-ning Chen 0-0: Fly out, F8 (Flyball, 89D, EV 105.6 MPH)
Batting: SHB Toshiaki Watanabe 0-0: Called Strike
0-1: Ball
1-1: SINGLE (Groundball, 4MD, EV 96.9 MPH)
Daniel Washington to third
Ernesto Valenzuela to second
Runner from 3rd tries for Home, throw by CF and OUT! 8-2
Top of the 6th over - 1 run, 3 hits, 0 errors, 2 left on base; Bethlehem 1 - Shady Side 3
BOTTOM OF THE 6TH
Shady Side Zoomies batting - Pitching for Bethlehem Angel Kitties : RHP António González
Batting: RHB Dave Hall 0-0: Ball
1-0: Ball
2-0: Ball
3-0: Base on Balls
Batting: LHB Jeremy Payne 0-0: Called Strike
0-1: Ball
1-1: Bunted foul
1-2: Ball
2-2: SINGLE (Groundball, 34, EV 91.2 MPH) (infield hit)
Dave Hall to second
Batting: SHB Kazuyuki Yagi 0-0: Sac Bunt to 15S - play at first, batter OUT! 1-3
Dave Hall to third
Jeremy Payne to second
Batting: RHB António Ruíz 0-0: Ball
1-0: Called Strike
1-1: Swinging Strike
1-2: Ball
2-2: Strikes out looking
Batting: RHB Mike Sackett 0-0: Ground out 1-3 (Groundball, 34S, EV 67.5 MPH)
Bottom of the 6th over - 0 runs, 1 hit, 0 errors, 2 left on base; Bethlehem 1 - Shady Side 3
TOP OF THE 7TH
Bethlehem Angel Kitties batting - Pitching for Shady Side Zoomies : RHP António Haritos
Batting: LHB Cam Nicholson 0-0: Ball
1-0: Ground out U3 (Groundball, 34, EV 78.1 MPH)
Batting: SHB Frunze Khcheyan 0-0: SINGLE (Groundball, 34S, EV 66.9 MPH) (infield hit)
Batting: RHB Christian L'Écuyer 0-0: Ball
1-0: Called Strike
1-1: Ball
2-1: Ball
3-1: DOUBLE (Line Drive, 7LM, EV 97.5 MPH)
Frunze Khcheyan to third
Batting: RHB Wyatt Shepherd 0-0: Fly out, F8 (Flyball, 8RS, EV 78.1 MPH)
Pitching: RHP Manuel Macías
Batting: LHB Norm Williams 0-0: Ball
1-0: Ball
2-0: Foul Ball, location: 2F
2-1: Ball
3-1: Base on Balls
Pinch Hitting: RHB Dieter de Jong 0-0: Ball
1-0: Called Strike
1-1: SINGLE (Groundball, 4MD, EV 104.4 MPH)
Frunze Khcheyan scores
Christian L'Écuyer to third
Norm Williams to second
Runner from 3rd tries for Home, SAFE, throw by CF to home
Batting: LHB Ernesto Valenzuela 0-0: Called Strike
0-1: Ball
1-1: Ball
2-1: Foul Ball, location: 2F
2-2: Strikes out swinging
Top of the 7th over - 2 runs, 3 hits, 0 errors, 2 left on base; Bethlehem 3 - Shady Side 3
BOTTOM OF THE 7TH
Shady Side Zoomies batting - Pitching for Bethlehem Angel Kitties : RHP António González
Now at 2B: Dieter de Jong
Batting: LHB Steef Janse 0-0: Ball
1-0: Foul Ball, location: 2F
1-1: Foul Ball, location: 2F
1-2: Fly out, F8 (Flyball, 8LM, EV 85.6 MPH)
Batting: SHB John Clay 0-0: Called Strike
0-1: Swinging Strike
0-2: Ball
1-2: Ball
2-2: Ball
3-2: Base on Balls
Pitching: RHP Luiz Palmeiro
Batting: RHB Ramón Gabriel 0-0: Fly out, F9 (Flyball, 89S, EV 96.9 MPH)
Batting: RHB Rubén Camacho 0-0: Ball
1-0: Ball
2-0: SINGLE (Groundball, 15S, EV 66.9 MPH) (infield hit)
John Clay to second
Batting: RHB Dave Hall 0-0: Ball
1-0: Ball
2-0: Called Strike
2-1: Fielders Choice at 2nd, 5-4 (Groundball, 5L, EV 104.4 MPH)
Bottom of the 7th over - 0 runs, 1 hit, 0 errors, 2 left on base; Bethlehem 3 - Shady Side 3
TOP OF THE 8TH
Bethlehem Angel Kitties batting - Pitching for Shady Side Zoomies : RHP Manuel Macías
Batting: RHB Hwui-ning Chen 0-0: Ball
1-0: Called Strike
1-1: Foul Ball, location: 2F
1-2: Ball
2-2: Fly out, F7 (Flyball, 78D, EV 101.9 MPH)
Batting: SHB Toshiaki Watanabe 0-0: Foul Ball, location: 2F
0-1: Ball
1-1: Swinging Strike
1-2: Ball
2-2: Strikes out swinging
Batting: LHB Cam Nicholson 0-0: Ball
1-0: Called Strike
1-1: Foul Ball, location: 2F
1-2: SOLO HOME RUN (Flyball, 9D, EV 93.8 MPH), Distance : 366 ft
Batting: SHB Frunze Khcheyan 0-0: DOUBLE (Flyball, 89D, EV 101.9 MPH)
Batting: RHB Christian L'Écuyer 0-0: Ball
1-0: Swinging Strike
1-1: Ball
2-1: Foul Ball, location: 2F
2-2: Ball
3-2: Strikes out swinging
Top of the 8th over - 1 run, 2 hits, 0 errors, 1 left on base; Bethlehem 4 - Shady Side 3
BOTTOM OF THE 8TH
Shady Side Zoomies batting - Pitching for Bethlehem Angel Kitties : RHP Luiz Palmeiro
Batting: LHB Jeremy Payne 0-0: Fly out, F7 (Flyball, 7LM, EV 72.5 MPH)
Batting: SHB Kazuyuki Yagi 0-0: Ball
1-0: Ball
2-0: Foul Ball, location: 2F
2-1: Foul Ball, location: 2F
2-2: Foul Ball, location: 2F
2-2: Foul Ball, location: 2F
2-2: Strikes out swinging
Batting: RHB António Ruíz 0-0: Ball
1-0: Called Strike
1-1: Ball
2-1: Ball
3-1: Base on Balls
Batting: RHB Mike Sackett 0-0: Ground out 5-3 (Groundball, 5S, EV 85.6 MPH)
Bottom of the 8th over - 0 runs, 0 hits, 0 errors, 1 left on base; Bethlehem 4 - Shady Side 3
TOP OF THE 9TH
Bethlehem Angel Kitties batting - Pitching for Shady Side Zoomies : RHP Manuel Macías
Batting: RHB Wyatt Shepherd 0-0: Called Strike
0-1: Ball
1-1: Swinging Strike
1-2: Ball
2-2: Foul Ball, location: 2F
2-2: Foul Ball, location: 2F
2-2: Strikes out swinging
Batting: LHB Norm Williams 0-0: Ground out 4-3 (Groundball, 4, EV 93.1 MPH)
Batting: RHB Dieter de Jong 0-0: Swinging Strike
0-1: Called Strike
0-2: Ball
1-2: Foul Ball, location: 2F
1-2: Foul Ball, location: 2F
1-2: Ball
2-2: Foul Ball, location: 2F
2-2: Ball
3-2: Foul Ball, location: 2F
3-2: Strikes out swinging
Top of the 9th over - 0 runs, 0 hits, 0 errors, 0 left on base; Bethlehem 4 - Shady Side 3
BOTTOM OF THE 9TH
Shady Side Zoomies batting - Pitching for Bethlehem Angel Kitties : RHP Luiz Palmeiro
Pitching: RHP Roberto Martínez
Batting: LHB Steef Janse 0-0: Ball
1-0: Called Strike
1-1: SINGLE (Flyball, 89D, EV 92.5 MPH) - OUT at second base trying to stretch hit.
Batting: SHB John Clay 0-0: Ball
1-0: Foul Ball, location: 2F
1-1: Swinging Strike
1-2: Foul Ball, location: 2F
1-2: Ball
2-2: Foul Ball, location: 2F
2-2: SINGLE (Flyball, 8LS, EV 83.1 MPH)
Batting: RHB Ramón Gabriel 0-0: Ground out 4-3 (Groundball, 4M, EV 90.0 MPH)
John Clay to second
Batting: RHB Rubén Camacho 0-0: Ground out 1-3 (Groundball, 13, EV 78.8 MPH)
Bottom of the 9th over - 0 runs, 2 hits, 0 errors, 1 left on base; Bethlehem 4 - Shady Side 3
Tuesday, January 5th, 2021 - OOTP Baseball 20.8 Build 74